 Dungeon Crawl Stone Soup version 0.21.1-1-g345015f (webtiles) character file.

8918 domij10 the Spear-Bearer (level 11, -2/97 HPs)
             Began as a Minotaur Fighter on July 26, 2018.
             Was an Elder of Trog.
             Slain by a red devil
             ... wielding a +0 trident
             ... summoned by an orc sorcerer
             ... led by an orc knight
              (15 damage)
             ... on level 1 of the Orcish Mines.
             The game lasted 00:55:10 (8592 turns).

domij10 the Spear-Bearer (Minotaur Fighter)         Turns: 8592, Time: 00:55:13

Health: -2/97      AC: 19    Str: 23 (24) XL:     11   Next: 16%
Magic:  10/10      EV: 10    Int:  4 (5)  God:    Trog [****..]
Gold:   512        SH: 11    Dex:  6 (10) Spells: 10/10 levels left

rFire    . . .     SeeInvis .   d - +2 trident (protect)
rCold    . . .     Gourm    .   c - +0 shield
rNeg     . . .     Faith    .   b - +3 scale mail
rPois    +         Spirit   .   (helmet restricted)
rElec    .         Reflect  .   o - +0 cloak
rCorr    .         Harm     .   (no gloves)
MR       +....                  (no boots)
Stlth    ..........             (no amulet)
HPRegen  0.26/turn              p - ring of poison resistance
MPRegen  0.12/turn              (no ring)

@: about to teleport, protection aura, drained
A: retaliatory headbutt, horns 2, blink, deterioration 1, magic resistance 1,
poison resistance
a: Blink, Berserk, Trog's Hand, Brothers in Arms, Burn Spellbooks, Renounce
Religion


You were on level 1 of the Orcish Mines.
You worshipped Trog.
Trog was greatly pleased with you.
You were not hungry.

You visited 3 branches of the dungeon, and saw 12 of its levels.
You also visited: Sewer.

You collected 512 gold pieces.

Inventory:

Hand Weapons
 d - a +2 trident of protection (weapon)
 h - a +0 club
 j - a +1 hand axe of freezing
 n - a +4 quarterstaff of chaos
Missiles
 r - 134 stones (quivered)
Armour
 b - a +3 scale mail (worn)
 c - a +0 shield (worn)
 o - a +0 cloak (worn)
 t - a +2 animal skin
 u - a +0 pair of gloves
 B - a +0 shield
 E - a +1 ring mail of poison resistance
 G - a +0 plate armour
Jewellery
 m - the ring of Asuh {rElec rF+ Str+3, unknown}
   (You found it on level 4 of the Dungeon)

   [ring of protection from fire]

   It affects your strength (+3).
   It protects you from fire.
   It insulates you from electricity.
 p - a ring of poison resistance (left hand)
 s - an uncursed ring of ice
 w - an uncursed ring of protection from fire {unknown}
 y - a +2 ring of dexterity {unknown}
Wands
 a - a wand of disintegration (6)
 C - a wand of flame (22)
 D - a wand of iceblast (9)
Scrolls
 l - a scroll of fear
 x - 2 scrolls of remove curse
 z - a scroll of amnesia
 F - a scroll of random uselessness {unknown}
Potions
 e - a potion of mutation
 g - a potion of lignification
 i - 3 potions of curing
 k - a potion of haste
 q - a potion of flight
 A - a potion of brilliance
Comestibles
 f - 2 rations


   Skills:
 + Level 9.1(8.5) Fighting
 + Level 12.3(11.7) Polearms
 + Level 8.9(8.4) Armour
 + Level 5.3(4.8) Dodging
 + Level 2.4(1.9) Stealth
 + Level 10.6(10.1) Shields


You had 10 spell levels left.
You didn't know any spells.

Dungeon Overview and Level Annotations

Branches:
Dungeon (10/15)            Temple (1/1) D:4             Orc (1/2) D:10
   Lair: D:8-11

Altars:
Ashenzari
Cheibriados
Dithmenos
Elyvilon
Fedhas
Gozag
Hepliaklqana
Kikubaaqudgha
Makhleb
Nemelex Xobeh
Qazlal
Ru
Sif Muna
Trog
Uskayaw
Vehumet
Wu Jian
Xom
Zin
The Shining One

Shops:
D:8 =

Annotations:
D:8 Erica


Innate Abilities, Weirdness & Mutations

You reflexively headbutt those who attack you in melee.
You have a pair of horns on your head.
You can translocate small distances at will.
Your body sometimes deteriorates upon taking damage.
You are resistant to hostile enchantments. (MR+)
Your system is resistant to poisons. (rPois)


Message History

* * * LOW HITPOINT WARNING * * *
2 orcs come into view.
You feel better. The ogre barely misses you. You block the orc's attack.
The orc sorcerer mumbles some strange words.
The orc priest hits you but does no damage.
You block the orc high priest's attack.
The red devil hits you from afar with a trident.
* * * LOW HITPOINT WARNING * * *
The orc priest hits you but does no damage.
You block the orc's attack.
You hit the chaos spawn. Your headbutt misses the chaos spawn.
The chaos spawn is lightly wounded.
You block the red devil's attack. You block the orc priest's attack.
The chaos spawn degenerates into a cloud of primal chaos!
The orc high priest mumbles some strange prayers to Beogh against you.
Beogh smites you!
* * * LOW HITPOINT WARNING * * *
You block the chaos spawn's attack.
The red devil hits you from afar with a trident!
You die...

........ ........ ....... ##
............ # .g#..## #.
...........# #.##.... .###
.........# ......o# #####..##
#......# ....o.o###.......#
###......#
....oo..##.....o.####.#......#
....##4#......oo@..#.........###
.#....)).....)oO4..##........#.##
#...........#.o4o.##...........#
#...........##oo.4......###...##
##.......3o###ooo....######....#
#..........##§o.......##.....##
#.......4.o###3)o...............
.......#.....#o4................#
.......#......o.o..#...........##


You could see an orc knight, a soul eater, an orc high priest, an orange demon,
2 chaos spawn, 2 orc sorcerers, a red devil, 2 orc warriors, an ogre, 2 orc
priests and 6 orcs.

Vanquished Creatures
  Fannar (Orc:1)
  3 two-headed ogres
  Pikel (D:6)
  A troll (D:9)
  A wyvern (D:10)
  Eustachio (D:4)
  2 hungry ghosts
  Grum (D:9)
  2 water moccasins
  3 black bears
  An ice beast (D:7)
  4 orc warriors
  2 phantoms
  A hornet zombie (D:9)
  10 ogres
  4 wolves (D:9)
  4 centaurs
  3 big kobolds (Sewer)
  Blork the orc (D:4)
  A gnoll sergeant (D:8)
  2 bullfrogs
  6 killer bees
  2 howler monkeys
  4 crimson imps
  A bullfrog zombie (D:7)
  A quasit (D:6)
  A jelly (D:8)
  A gnoll shaman (D:4)
  11 orc wizards
  Crazy Yiuf (D:3)
  A bullfrog skeleton (D:9)
  4 orc priests
  A centaur skeleton (D:4)
  7 hounds
  Natasha (twice) (D:4)
  3 iguanas
  5 worker ants
  A hound zombie (D:6)
  2 hound skeletons
  14 gnolls
  6 adders
  A river rat (D:3)
  2 shadow imps
  2 adder skeletons (D:4)
  2 adder zombies
  3 worms
  5 dart slugs
  8 leopard geckos
  34 orcs
  9 giant cockroaches
  2 goblins (D:2)
  7 hobgoblins
  5 jackals
  4 quokkas
  4 ball pythons
  2 bats
  6 frilled lizards
  19 kobolds
  2 leopard gecko skeletons (D:5)
  A quokka skeleton (D:4)
  8 rats
  A fungus (Sewer)
250 creatures vanquished.

Vanquished Creatures (others)
  A slave (D:6)
  A bullfrog (D:6)
  A giant cockroach (D:6)
  A giant cockroach zombie (D:6)
  2 plants (D:4)
6 creatures vanquished.

Grand Total: 256 creatures vanquished

Notes
Turn   | Place    | Note
-------+----------+-------------------------------------------
     0 | D:1      | domij10 the Minotaur Fighter began the quest for the Orb.
     0 | D:1      | Reached XP level 1. HP: 19/19 MP: 0/0
    77 | D:1      | Reached XP level 2. HP: 22/27 MP: 1/1
   372 | D:2      | Reached XP level 3. HP: 14/33 MP: 2/2
   875 | D:2      | Reached skill level 3 in Polearms
   948 | D:2      | Reached XP level 4. HP: 38/40 MP: 3/3
  1078 | D:2      | Noticed a phantom
  1200 | D:3      | Found a snail-covered altar of Cheibriados.
  1305 | D:3      | Reached skill level 1 in Dodging
  1325 | D:3      | Found a shattered altar of Ashenzari.
  1457 | D:3      | Found a glowing drain.
  1460 | D:3      | Reached XP level 5. HP: 47/47 MP: 4/4
  1462 | D:3      | Reached skill level 4 in Polearms
  1486 | Sewer    | Entered a sewer
  1531 | Sewer    | Reached skill level 5 in Shields
  1624 | Sewer    | Reached XP level 6. HP: 33/53 MP: 5/5
  1767 | Sewer    | Reached skill level 5 in Polearms
  1767 | Sewer    | Reached skill level 5 in Armour
  1841 | D:3      | Gained mutation: Your body sometimes deteriorates upon taking damage. [potion of mutation]
  1841 | D:3      | Gained mutation: You are agile. (Dex +2) [potion of mutation]
  1841 | D:3      | Gained mutation: Your muscles are strong. (Str +2) [potion of mutation]
  2141 | D:3      | Found a runed door.
  2145 | D:3      | Noticed Crazy Yiuf
  2152 | D:3      | Killed Crazy Yiuf
  2467 | D:4      | Reached XP level 7. HP: 60/60 MP: 6/6
  2498 | D:4      | Noticed Blork the orc
  2514 | D:4      | Killed Blork the orc
  2514 | D:4      | Reached skill level 6 in Polearms
  2659 | D:4      | Reached skill level 5 in Fighting
  2684 | D:4      | Noticed Eustachio
  2737 | D:4      | Killed Eustachio
  2792 | D:4      | Got a twitching amber ring
  2833 | D:4      | Found an ancient bone altar of Kikubaaqudgha.
  2843 | D:4      | Noticed Natasha
  2846 | D:4      | Reached skill level 7 in Polearms
  2850 | D:4      | Killed Natasha
  2871 | D:4      | Found a staircase to the Ecumenical Temple.
  2873 | D:4      | Found a faded altar of an unknown god.
  2884 | Temple   | Entered the Ecumenical Temple
  3045 | D:4      | Became a worshipper of Trog the Wrathful
  3045 | D:4      | Reached * piety under Trog
  3092 | D:4      | Noticed Natasha
  3097 | D:4      | Reached XP level 8. HP: 63/68 MP: 7/7
  3102 | D:4      | Killed Natasha
  3161 | D:4      | Found an opulent altar of Gozag.
  3242 | D:4      | Found a sacrificial altar of Ru.
  3425 | D:5      | Entered Level 5 of the Dungeon
  3651 | D:5      | Reached skill level 8 in Polearms
  3664 | D:5      | Reached skill level 1 in Stealth
  3667 | D:5      | Lost mutation: You are agile. (Dex +2) [potion of mutation]
  3667 | D:5      | Lost mutation: Your muscles are strong. (Str +2) [potion of mutation]
  3667 | D:5      | Gained mutation: Your system is resistant to poisons. (rPois) [potion of mutation]
  3667 | D:5      | Gained mutation: You can translocate small distances at will. [potion of mutation]
  3667 | D:5      | Gained mutation: You are resistant to hostile enchantments. (MR+) [potion of mutation]
  3680 | D:5      | Reached ** piety under Trog
  3997 | D:6      | Noticed Pikel
  4002 | D:6      | Killed Pikel
  4002 | D:6      | Reached skill level 9 in Polearms
  4002 | D:6      | Reached XP level 9. HP: 73/77 MP: 8/8
  4784 | D:6      | Found a white marble altar of Elyvilon.
  4784 | D:6      | Found a glowing silver altar of Zin.
  4785 | D:6      | Found a glowing golden altar of the Shining One.
  4880 | D:6      | Found a burning altar of Makhleb.
  5151 | D:7      | Reached skill level 10 in Polearms
  5378 | D:7      | Found a sparkling altar of Nemelex Xobeh.
  5484 | D:7      | Reached *** piety under Trog
  6390 | D:8      | Found Resypiw's Jewellery Emporium.
  6430 | D:8      | Found a blossoming altar of Fedhas.
  6430 | D:8      | Found a bloodstained altar of Trog.
  6451 | D:8      | Noticed a two-headed ogre
  6480 | D:8      | Noticed Erica
  6974 | D:8      | Killed a two-headed ogre
  6974 | D:8      | Reached skill level 11 in Polearms
  6974 | D:8      | Reached XP level 10. HP: 73/88 MP: 9/9
  7056 | D:9      | Noticed a two-headed ogre
  7079 | D:9      | Killed a two-headed ogre
  7081 | D:9      | Noticed Grum
  7134 | D:9      | Killed Grum
  7187 | D:9      | Reached **** piety under Trog
  7279 | D:9      | Reached skill level 10 in Shields
  7737 | D:9      | Reached skill level 12 in Polearms
  7826 | D:10     | Entered Level 10 of the Dungeon
  7893 | D:10     | Noticed a two-headed ogre
  7915 | D:10     | Killed a two-headed ogre
  7915 | D:10     | Reached XP level 11. HP: 39/95 MP: 10/10
  8147 | D:10     | Found a staircase to the Orcish Mines.
  8175 | Orc:1    | Entered Level 1 of the Orcish Mines
  8186 | D:10     | Reached skill level 5 in Dodging
  8229 | Orc:1    | Noticed Fannar
  8280 | Orc:1    | Killed Fannar
  8551 | Orc:1    | Noticed an orc high priest
  8552 | Orc:1    | Noticed a soul eater
  8565 | Orc:1    | Noticed a soul eater
  8570 | Orc:1    | Noticed an orc sorcerer
  8572 | Orc:1    | Noticed an orc knight
  8573 | Orc:1    | Noticed an orc sorcerer
  8592 | Orc:1    | Slain by a red devil

Skill      XL: |  1  2  3  4  5  6  7  8  9 10 11 |
---------------+----------------------------------+-----
Armour         | 4 5 6 7 8 |  8.9
Fighting       | 4 5 6 7 8 9 |  9.1
Shields        | 4 5 6 7 9 10 | 10.6
Polearms       | 3 4 5 7 9 11 12 | 12.3
Dodging        | 1 2 3 4 5 |  5.3
Stealth        | 1 2 |  2.4

Action                   |  1- 3 |  4- 6 |  7- 9 | 10-12 || total
-------------------------+-------+-------+-------+-------++-------
Melee: Trident           |    73 |   174 |   393 |   324 ||   964
       Headbutt          |     6 |    27 |    78 |    50 ||   161
  Use: Scroll            |     3 |     7 |    13 |     1 ||    24
       Potion            |       |     9 |     7 |    12 ||    28
 Stab: Paralysed         |       |       |     2 |       ||     2
  Eat: Ration            |       |     2 |     4 |     5 ||    11
Armor: Scale mail        |    35 |    60 |   135 |   112 ||   342
       Skin              |       |       |    41 |       ||    41
Dodge: Dodged            |    24 |    58 |   117 |   104 ||   303
Block: Shield            |    45 |    82 |   210 |   180 ||   517
